 Dungeon Crawl Stone Soup version 0.17-a0-1678-g710b578 (console) character file.

49 Monkaria the Sneak (level 3, -8/20 HPs)
             Began as a Felid Chaos Knight on Aug 19, 2015.
             Mangled by an ogre
             ... wielding a +0 giant club
              (28 damage)
             ... on level 4 of the Dungeon.
             The game lasted 00:01:58 (2243 turns).

Monkaria the Sneak (Felid Chaos Knight)             Turns: 2243, Time: 00:01:59

Health: -8/20      AC:  7    Str:  9    XL:     3   Next: 53%
Magic:  4/4        EV: 11    Int: 13    God:    Xom [.....*]
Gold:   79         SH:  0    Dex: 15    Spells: 0 memorised, 2 levels left
                                        Lives:  0   Deaths: 0

rFire  x . .     SeeInvis +       - Unarmed
rCold  + + +     Clarity  .     (armour unavailable)
rNeg   . . .     SustAt   .     (shield unavailable)
rPois  +         Gourm    .     (helmet unavailable)
rElec  .         Spirit   .     (cloak unavailable)
rCorr  .         Warding  .     (gloves unavailable)
rMut   .         Stasis   .     (boots unavailable)
MR     .....                    (no amulet)
Stlth  +++.......               (no ring)
                                (no ring)

@: ice-form, not resistant to hostile enchantments, fairly stealthy
A: no armour, no weapons or thrown items, (claws 0), (fangs 0), see invisible,
carnivore 3, (speed 0), (shaggy fur 0), slow metabolism 1, (sharp paws)
a: Renounce Religion


You were on level 4 of the Dungeon.
You worshipped Xom.
You were Xom's teddy bear.
You were completely stuffed.
You were a creature of crystalline ice.
You visited 1 branch of the dungeon, and saw 4 of its levels.

You collected 79 gold pieces.

Inventory:

Scrolls
 b - 2 scrolls of identify {unknown}
 e - a scroll of teleportation {unknown}
 i - 2 scrolls of remove curse {unknown}
 j - a scroll of amnesia {unknown}
Potions
 c - a potion of heal wounds {unknown}
 d - a potion of curing {unknown}
 f - a potion of poison {unknown}
 g - a potion of ambrosia {unknown}
Comestibles
 a - 3 meat rations
 h - a chunk of flesh


   Skills:
 - Level 3.0 Fighting
 - Level 3.2 Dodging
 + Level 4.8 Stealth
 - Level 3.0 Unarmed Combat


You had 2 spell levels left.
You didn't know any spells.

Dungeon Overview and Level Annotations

Branches:
Dungeon (4/15)
 Temple: D:4-7

Altars:

Annotations:
D:3 Grinder


Innate Abilities, Weirdness & Mutations

You cannot wear armour.
You are incapable of wielding weapons or throwing items.
((You have sharp claws.))
((You have razor-sharp teeth.))
You have supernaturally acute eyesight.
You are carnivorous and can eat meat at any time.
((You cover ground quickly.))
((You are covered in fur (AC +1).))
You have a slow metabolism.
((Your sharp claws are effective at attacking unaware monsters.))


Message History

You hear the sound of rushing water.
There is an entrance to a sewer on this level.
Hurry and find it before the portal rusts away!
An ogre comes into view. It is wielding a giant club.
Found an escape hatch in the floor.
There is a stone staircase leading up here.
Unknown command.
An ogre comes into view. It is wielding a giant club.
The ogre shouts!
Xom's power touches on you for a moment.
The world around you seems to dim momentarily.
The ogre shouts!
Xom guffaws.
You turn into a creature of crystalline ice.
You are now Xom's teddy bear.
You punch the ogre! You freeze the ogre.
The ogre is moderately wounded.
The ogre hits you with a giant club!!
Ouch! That really hurt!
You die...
Xom chortles!

###.....# #.# #.....#
#.# ##...## #.# #..#
#.# #..# #.#
#..#####.#######
#..##..........#
########..#...#.#####.#
......OY....#.###
#######.......#
#......## #.......+
#.......# #.......#
#.####..# #.# ...


You could see an ogre.

Vanquished Creatures
  2 oozes (D:1)
  A worm (D:2)
  A giant gecko (D:1)
  8 bats
  A giant cockroach (D:2)
  6 goblins
  4 hobgoblins
  2 jackals (D:1)
  A quokka (D:2)
  3 giant newts
  A kobold (D:1)
  7 rats
37 creatures vanquished.

Notes
Turn   | Place    | Note
--------------------------------------------------------------
     0 | D:1      | Monkaria the Felid Chaos Knight began the quest for the Orb.
     0 | D:1      | Reached XP level 1. HP: 10/10 MP: 2/2
    79 | D:1      | Reached skill level 1 in Stealth
   205 | D:1      | XOM: harmless Trmt miscast
   356 | D:1      | XOM: divination: detect items
   504 | D:1      | Reached XP level 2. HP: 14/14 MP: 3/3
   624 | D:1      | XOM: divination: magic mapping
  1129 | D:1      | XOM: harmless Ice miscast
  1219 | D:2      | XOM: colour smoke trail
  1221 | D:2      | Reached skill level 4 in Stealth
  1257 | D:2      | Reached XP level 3. HP: 15/17 MP: 4/4
  1270 | D:2      | XOM: smoke on damage
  1471 | D:2      | XOM: divination: detect creatures
  1503 | D:2      | XOM is BORED!
  1503 | D:2      | XOM: harmless Pois miscast
  1535 | D:2      | You fall through a shaft!
  2156 | D:3      | XOM: medium Chrm miscast
  2188 | D:3      | Noticed Grinder
  2199 | D:4      | Noticed an ogre
  2215 | D:4      | Noticed an ogre
  2219 | D:4      | XOM: harmless Necr miscast
  2240 | D:4      | XOM: cast spell 'Ice Form'
  2243 | D:4      | Mangled by an ogre

Vault maps used:
D:1:      minmay_arrival_widening_spiral_wide
D:3:      first_bread, uniq_grinder
D:4:      kennysheep_little_box, gup_sewer_entry_spiral, uniq_pikel

Action                   || total
-------------------------++-------
Melee: Unarmed           ||    96
 Stab: Sleeping          ||    10
       Distracted        ||     1
  Eat: Chunk             ||    10
